 Dungeon Crawl Stone Soup version 0.19-a0-1534-g03f6967 (webtiles) character file.

96808 Jojapa the Severer (level 15, -10/147 HPs)
             Began as a Minotaur Berserker on Sept 13, 2016.
             Was the Champion of Trog.
             Mangled by a lorocyproca (23 damage)
             ... on level 2 of the Abyss.
             The game lasted 00:47:43 (26229 turns).

Jojapa the Severer (Minotaur Berserker)            Turns: 26229, Time: 00:47:44

Health: -10/147    AC: 28    Str: 22    XL:     15   Next: 70%
Magic:  0/12       EV: 21    Int:  2    God:    Trog [******]
Gold:   940        SH:  0    Dex: 16    Spells: 0 memorised, 14 levels left

rFire  x . .     SeeInvis .     n - +4 executioner's axe (chop)
rCold  + . .     Gourm    .     N - +3 chain mail
rNeg   . . .     Faith    .     (shield currently unavailable)
rPois  +         Spirit   +     h - +2 hat
rElec  +         Dismiss  .     b - +2 cloak {rPois}
rCorr  .         Reflect  .     l - +0 pair of gloves
MR     +....     Harm     .     B - +2 pair of boots
Stlth  ..........               i - amulet of guardian spirit
                                a - +6 ring of evasion
                                R - ring of Veobroc {Ice rElec rPois Int-2 Slay+5}

@: flayed
A: retaliatory headbutt, horns 2, rugged brown scales 1, low mp 1, screaming 1
a: Berserk, Trog's Hand, Brothers in Arms, Burn Spellbooks, Renounce Religion


You were on level 2 of the Abyss.
You worshipped Trog.
Trog was exalted by your worship.
You were not hungry.

You visited 3 branches of the dungeon, and saw 22 of its levels.
You visited the Abyss 2 times.

You collected 2047 gold pieces.
You spent 1107 gold pieces at shops.

Inventory:

Hand Weapons
 n - a +4 executioner's axe of chopping (weapon)
Armour
 b - a +2 cloak of poison resistance (worn)
 h - a +2 hat (worn)
 l - a +0 pair of gloves (worn)
 B - a +2 pair of boots (worn)
 N - a +3 chain mail (worn)
Jewellery
 a - a +6 ring of evasion (right hand)
 i - an amulet of guardian spirit (around neck)
 x - an uncursed ring of flight
 H - an uncursed ring of protection from fire
 L - an uncursed ring of see invisible
 R - the ring of Veobroc (left hand) {Ice rElec rPois Int-2 Slay+5}
   (You found it on level 5 of the Lair of Beasts)

   [ring of ice]

   It enhances your ice magic.
   It affects your intelligence (-2).
   It affects your accuracy and damage with ranged weapons and melee attacks
   (+5).
   It makes you vulnerable to fire.
   It protects you from cold.
   It insulates you from electricity.
   It protects you from poison.
Wands
 r - a wand of digging (12/24)
 t - a wand of disintegration (20/24)
 y - a wand of teleportation (9/9)
 J - a wand of flame (31/48)
 T - a wand of flame (32/48)
Scrolls
 d - 9 scrolls of teleportation
 e - 4 scrolls of enchant armour
 j - 3 scrolls of magic mapping
 m - a scroll of fear
 q - 9 scrolls of remove curse
 v - 2 scrolls of summoning
 z - a scroll of brand weapon {unknown}
 O - 2 scrolls of recharging
 Q - a scroll of fog
 S - a scroll of blinking
Potions
 f - 8 potions of curing
 k - a potion of ambrosia
 o - a potion of berserk rage
 s - 2 potions of magic
 u - a potion of brilliance
 w - a potion of haste
 C - 3 potions of might
 D - 2 potions of agility
 G - a potion of flight
 K - 2 potions of invisibility
 X - a potion of cure mutation
Miscellaneous
 g - 2 boxes of beasts
 U - a phantom mirror
 W - 3 sacks of spiders
Comestibles
 c - 18 bread rations
 p - 10 fruits
 A - a royal jelly
 E - 3 chunks of flesh
 F - 7 beef jerkies
 I - 3 slices of pizza
 P - 7 meat rations


   Skills:
 + Level 15.8 Fighting
 * Level 20.9 Axes
 - Level 15.4 Armour
 - Level 11.0 Dodging


You had 14 spell levels left.
You didn't know any spells.

Dungeon Overview and Level Annotations

Branches:
Dungeon (14/15)            Temple (0/1) D:6            Lair (6/6) D:8
  Swamp (0/4) Lair:2        Snake (0/4) Lair:3        Slime (0/5) Lair:5
    Orc (2/2) D:10            Elf (0/3) Orc:2
 Vaults: D:13-14

Altars:
Fedhas
Hepliaklqana
Makhleb
Okawaru
Uskayaw
Xom
Zin
The Shining One
Beogh

Shops:
D:12 !   Orc:2 ?!=(

Annotations:
D:14 Louise
Lair:4 water way


Innate Abilities, Weirdness & Mutations

You reflexively headbutt those who attack you in melee.
You have a pair of horns on your head.
You are partially covered in rugged brown scales. (AC +1, +3% HP)
Your magical capacity is low. (-10% MP)
You occasionally shout uncontrollably at your foes.


Message History

* * * LOW HITPOINT WARNING * * *
A small abomination comes into view.
You slice something!! Your headbutt misses something.
The flayed ghost stares at you with tortured malice.
Something hits you but does no damage.
You feel much better.
The small abomination hits you but does no damage.
Something hits you!!
* * * LOW HITPOINT WARNING * * *
You feel much better. The small abomination hits you!
* * * LOW HITPOINT WARNING * * *
Something closely misses you.
You slice the small abomination!!
You destroy the small abomination!
Trog accepts your kill.
You completely miss something.
The flayed ghost cries, "Feel what I felt!"
Something closely misses you.
You hit something but do no damage. Something hits you!!
You die...

#.. # #..### #.
. .# ..# ... #
#.# .# .
..#...#..
#.#.#.
##.###.#.######
.# .. ##. ..#.#
#.##.. . # #.#
.##.# ...?#
##.#....##W. #
. #.#..#.{# #
.##. #.@# #.
.##......# #
#.. #.#.#### ..
####. .# # #


You could see a flayed ghost.

Vanquished Creatures
  Gastronok (Lair:2)
  A tentacled starspawn (Abyss:2)
  A storm dragon (D:13)
  An orc warlord (Orc:2)
  3 very ugly things (Abyss:2)
  Snorg (D:13)
  An ettin (D:13)
  Josephine (Orc:2)
  A hydra (Lair:5)
  A centaur warrior (D:13)
  A death knight (D:13)
  19 death yaks
  4 orc high priests (Orc:2)
  A thrashing horror (Abyss:2)
  2 wretched stars (Abyss:2)
  A skeletal warrior (D:13)
  An unseen horror (D:11)
  A hill giant (D:14)
  3 orc knights (Orc:2)
  4 orc sorcerers (Orc:2)
  A phantasmal warrior (D:13)
  A cyclops (D:11)
  A wolf spider zombie (D:13)
  A griffon (Lair:5)
  A deep elf mage (D:13)
  7 ugly things
  A worldbinder (Abyss:2)
  12 elephants
  2 manticores (D:13)
  A centaur zombie (D:13)
  2 black mambas
  Maurice (Orc:2)
  A torpor snail (Lair:4)
  A guardian serpent (Lair:3)
  Joseph (D:7)
  12 spiny frogs
  3 smoke demons (Abyss:2)
  2 yaktaurs (D:13)
  A rime drake (Lair:6)
  6 komodo dragons
  2 freezing wraiths (D:13)
  A hellwing (Abyss:2)
  3 trolls
  A polar bear (shapeshifter) (D:13)
  A merfolk (D:13)
  2 polar bears (Lair:6)
  A boulder beetle (Lair:5)
  2 two-headed ogres
  21 blink frogs
  6 slime creatures
  7 dream sheep (Lair:5)
  A redback (Lair:6)
  Sigmund (D:4)
  2 wyverns
  A spriggan (shapeshifter) (D:14)
  A large abomination (Abyss:2)
  10 spriggans (Lair:6)
  A vampire (D:12)
  A ynoxinul (Abyss:2)
  44 yaks
  4 wraiths
  11 hippogriffs
  A steam dragon (D:11)
  2 basilisks
  A hungry ghost (D:9)
  Menkaure (D:5)
  5 wargs
  4 nagas (Lair:3)
  2 soldier ants
  16 water moccasins
  12 porcupines
  2 ice beasts
  A sky beast (D:12)
  A sky beast (shapeshifter) (D:11)
  5 wasps (Lair:6)
  5 black bears
  2 phantoms
  A necrophage (D:11)
  47 orc warriors
  16 ogres
  25 wolves (Lair:6)
  3 starcursed masses (Abyss:2)
  2 boggarts (Lair:6)
  6 centaurs
  12 crocodiles
  A big kobold (D:11)
  15 giant frogs
  3 small abominations (Abyss:2)
  A water moccasin zombie (D:5)
  3 wyvern skeletons
  2 scorpions
  6 killer bees (D:10)
  22 wights
  An electric eel (Lair:1)
  3 howler monkeys
  6 crimson imps
  Crazy Yiuf (D:7)
  5 hounds
  5 jellies
  A quasit (D:12)
  2 giant frog zombies
  An iron imp (Abyss:2)
  46 orc priests
  29 orc wizards
  3 centaur skeletons
  3 giant frog skeletons
  6 iguanas
  16 worker ants
  Natasha (twice) (D:2)
  A hound zombie (D:5)
  5 gnolls
  A howler monkey skeleton (D:8)
  16 adders
  34 river rats
  3 shadow imps
  4 oozes
  An adder zombie (D:8)
  An adder skeleton (D:8)
  A worm (D:3)
  2 dart slugs
  5 giant geckos
  129 orcs
  A ball python (D:1)
  5 bats
  5 giant cockroaches
  8 goblins
  6 hobgoblins
  12 jackals
  13 kobolds
  7 quokkas
  A giant gecko zombie (D:8)
  5 giant newts
  A quokka skeleton (D:5)
  4 rats
  6 fungi
  A lurking horror (Abyss:2)
  4 plants
868 creatures vanquished.

Vanquished Creatures (collateral kills)
  3 hydras
  A spiny frog (Lair:3)
4 creatures vanquished.

Vanquished Creatures (others)
  An orc wizard (D:5)
  7 fungi
  9 plants
  2 starspawn tentacles (Abyss:2)
19 creatures vanquished.

Grand Total: 891 creatures vanquished

Notes
Turn   | Place    | Note
-------+----------+-------------------------------------------
     0 | D:1      | Jojapa the Minotaur Berserker began the quest for the Orb.
     0 | D:1      | Reached XP level 1. HP: 19/19 MP: 0/0
    86 | D:1      | Reached XP level 2. HP: 27/27 MP: 1/1
   226 | D:1      | Reached skill level 4 in Axes
   690 | D:2      | Noticed Natasha
   695 | D:2      | Killed Natasha
   695 | D:2      | Reached XP level 3. HP: 19/33 MP: 0/2
   977 | D:2      | Reached XP level 4. HP: 37/40 MP: 3/3
  1014 | D:2      | Reached ** piety under Trog
  1270 | D:2      | You fall through a shaft for 2 floors!
  1293 | D:4      | Noticed Sigmund
  1302 | D:4      | Killed Sigmund
  1302 | D:4      | Reached skill level 5 in Axes
  1302 | D:4      | Reached XP level 5. HP: 47/47 MP: 4/4
  1396 | D:2      | Noticed Natasha
  1401 | D:2      | Killed Natasha
  1401 | D:2      | Reached XP level 6. HP: 55/55 MP: 5/5
  1776 | D:3      | Reached skill level 5 in Fighting
  1776 | D:3      | Reached skill level 6 in Axes
  2719 | D:4      | Reached *** piety under Trog
  2719 | D:4      | Reached XP level 7. HP: 57/61 MP: 6/6
  2844 | D:4      | Reached skill level 7 in Axes
  3287 | D:5      | Entered Level 5 of the Dungeon
  3323 | D:5      | Reached skill level 5 in Armour
  3358 | D:5      | Reached skill level 8 in Axes
  3743 | D:5      | Reached XP level 8. HP: 70/70 MP: 7/7
  3974 | D:5      | Noticed Menkaure
  3991 | D:5      | Killed Menkaure
  3991 | D:5      | Reached skill level 5 in Dodging
  4418 | D:5      | Reached **** piety under Trog
  4510 | D:5      | Reached skill level 9 in Axes
  4877 | D:6      | Found a staircase to the Ecumenical Temple.
  5066 | D:6      | Found a glowing golden altar of the Shining One.
  5538 | D:7      | Reached skill level 10 in Axes
  5566 | D:7      | Reached XP level 9. HP: 78/79 MP: 8/8
  5663 | D:7      | Noticed Joseph
  5697 | D:7      | Killed Joseph
  6070 | D:7      | Found a shimmering altar of Xom.
  6072 | D:7      | Found a glowing silver altar of Zin.
  6073 | D:7      | Found a blossoming altar of Fedhas.
  6073 | D:7      | Found a hazy altar of Hepliaklqana.
  6168 | D:7      | Reached ***** piety under Trog
  6394 | D:7      | Found a runed door.
  6399 | D:7      | Noticed Crazy Yiuf
  6406 | D:7      | Killed Crazy Yiuf
  6490 | D:8      | Reached skill level 11 in Axes
  6699 | D:8      | Found an iron altar of Okawaru.
  6981 | D:8      | Found a staircase to the Lair.
  7167 | D:8      | Reached skill level 12 in Axes
  7431 | Lair:1   | Entered Level 1 of the Lair of Beasts
  7489 | Lair:1   | Reached XP level 10. HP: 73/91 MP: 5/9
  7851 | Lair:1   | Noticed a spiny frog
  7860 | Lair:1   | Killed a spiny frog
  8081 | Lair:1   | Gained mutation: You are partially covered in rugged brown scales. (AC +1, +3% HP) [potion of beneficial mutation]
  8898 | Lair:2   | Noticed a spiny frog
  8996 | Lair:2   | Reached skill level 13 in Axes
  8999 | Lair:2   | Killed a spiny frog
  8999 | Lair:2   | Reached skill level 10 in Fighting
  9646 | Lair:2   | Noticed Gastronok
  9693 | Lair:2   | Killed Gastronok
  9693 | Lair:2   | Reached skill level 14 in Axes
  9693 | Lair:2   | Reached skill level 10 in Armour
  9693 | Lair:2   | Reached XP level 11. HP: 48/104 MP: 4/10
 10161 | Lair:2   | Found a staircase to the Swamp.
 10644 | Lair:3   | Found a staircase to the Snake Pit.
 10851 | Lair:3   | Noticed a seven-headed hydra
 10859 | Lair:3   | Killed an eight-headed hydra
 10866 | Lair:3   | Noticed a six-headed hydra
 10870 | Lair:3   | Killed an eight-headed hydra
 10870 | Lair:3   | Reached skill level 15 in Axes
 10894 | Lair:3   | Found a dark tunnel.
 10933 | Lair:3   | Noticed a death yak
 10963 | Lair:3   | Killed a death yak
 11007 | Lair:3   | Noticed a death yak
 11007 | Lair:3   | Noticed a death yak
 11008 | Lair:3   | Noticed a death yak
 11026 | Lair:3   | Killed a death yak
 11031 | Lair:3   | Killed a death yak
 11031 | Lair:3   | Received a gift from Trog
 11034 | Lair:3   | Killed a death yak
 11034 | Lair:3   | Reached XP level 12. HP: 115/115 MP: 8/11
 11345 | Lair:3   | Reached skill level 16 in Axes
 12178 | Lair:4   | Noticed a death yak
 12179 | Lair:4   | Noticed a death yak
 12189 | Lair:4   | Killed a death yak
 12197 | Lair:4   | Killed a death yak
 13017 | Lair:4   | Reached skill level 17 in Axes
 13507 | Lair:5   | Got a sparkling silver ring
 13509 | Lair:5   | Identified the ring of Veobroc {Ice rElec rPois Int-2 Slay+5} (You found it on level 5 of the Lair of Beasts)
 13544 | Lair:5   | Noticed an eight-headed hydra
 13558 | Lair:5   | Killed a nine-headed hydra
 13689 | Lair:5   | Found a staircase to the Slime Pits.
 13823 | Lair:5   | Reached XP level 13. HP: 116/125 MP: 4/12
 13980 | Lair:5   | You fall through a shaft!
 13980 | Lair:6   | Entered Level 6 of the Lair of Beasts
 14004 | Lair:6   | Received a gift from Trog
 14300 | Lair:5   | Reached skill level 18 in Axes
 15086 | Lair:6   | Received a gift from Trog
 16003 | Lair:6   | Reached XP level 14. HP: 129/135 MP: 4/13
 16365 | Lair:6   | Received a gift from Trog
 16907 | D:9      | Reached skill level 19 in Axes
 17251 | D:9      | Found a burning altar of Makhleb.
 17570 | D:10     | Entered Level 10 of the Dungeon
 17964 | D:10     | Found a staircase to the Orcish Mines.
 18032 | D:10     | Found a roughly hewn altar of Beogh.
 18039 | D:10     | Received a gift from Trog
 18324 | D:11     | Found a hide-covered altar of Uskayaw.
 18796 | D:11     | Cast into level 2 of the Abyss (wight)
 18870 | Abyss:2  | Noticed a white very ugly thing
 18870 | Abyss:2  | Noticed a white very ugly thing
 18871 | Abyss:2  | Noticed a white very ugly thing
 18883 | Abyss:2  | Killed a red very ugly thing
 18885 | Abyss:2  | Killed a cyan very ugly thing
 18891 | Abyss:2  | Reached ****** piety under Trog
 18894 | Abyss:2  | Killed a green very ugly thing
 19024 | Abyss:2  | Received a gift from Trog
 19061 | Abyss:2  | Noticed a tentacled starspawn
 19067 | Abyss:2  | Killed a tentacled starspawn
 19068 | Abyss:2  | Noticed a starcursed mass
 19150 | D:11     | Escaped the Abyss
 19928 | D:12     | Found Upniecikog's Distillery.
 19936 | D:12     | Bought a potion of flight for 48 gold pieces
 19936 | D:12     | Bought a potion of flight for 48 gold pieces
 19936 | D:12     | Bought a potion of curing for 48 gold pieces
 19936 | D:12     | Bought a potion of might for 64 gold pieces
 19936 | D:12     | Bought a potion of cure mutation for 400 gold pieces
 20218 | D:12     | Reached skill level 15 in Fighting
 20998 | Orc:1    | Entered Level 1 of the Orcish Mines
 21005 | Orc:1    | Reached skill level 20 in Axes
 21182 | Orc:1    | Received a gift from Trog
 21642 | Orc:2    | Entered Level 2 of the Orcish Mines
 21679 | Orc:2    | Reached skill level 10 in Dodging
 21796 | Orc:2    | Found a roughly hewn altar of Beogh.
 21922 | Orc:2    | Reached XP level 15. HP: 145/145 MP: 14/14
 22286 | Orc:2    | Noticed Maurice
 22299 | Orc:2    | Killed Maurice
 22391 | Orc:2    | Received a gift from Trog
 22581 | Orc:2    | Found a staircase to the Elven Halls.
 22795 | Orc:2    | Found Eskyoqai's Distillery.
 22817 | Orc:2    | Bought a potion of heal wounds for 75 gold pieces
 22817 | Orc:2    | Bought a potion of heal wounds for 75 gold pieces
 22817 | Orc:2    | Bought a potion of agility for 60 gold pieces
 22817 | Orc:2    | Bought a potion of might for 60 gold pieces
 22838 | Orc:2    | Noticed an orc warlord
 22840 | Orc:2    | Found a roughly hewn altar of Beogh.
 22851 | Orc:2    | Killed an orc warlord
 23000 | Orc:2    | Found Caingijots's Magic Scroll Shop.
 23005 | Orc:2    | Gained mutation: You occasionally shout uncontrollably at your foes. [a neqoxec]
 23008 | Orc:2    | Gained mutation: Your magical capacity is low. (-10% MP) [a neqoxec]
 23020 | Orc:2    | Reached skill level 15 in Armour
 23232 | Orc:2    | Bought a scroll of teleportation for 51 gold pieces
 23232 | Orc:2    | Bought a scroll of magic mapping for 59 gold pieces
 23232 | Orc:2    | Bought a scroll of fog for 34 gold pieces
 23232 | Orc:2    | Bought a scroll of teleportation for 51 gold pieces
 23232 | Orc:2    | Bought a scroll of identify for 34 gold pieces
 23412 | Orc:2    | Noticed Josephine
 23422 | Orc:2    | Killed Josephine
 23712 | Orc:2    | Found Wisecs's Weapon Boutique.
 23745 | Orc:2    | Found Emakomna's Jewellery Shop.
 23946 | Orc:2    | Paralysed by an orc sorcerer for 6 turns
 24597 | D:13     | Noticed a storm dragon
 24620 | D:13     | Killed a storm dragon
 25817 | D:13     | Noticed Snorg
 25822 | D:13     | Killed Snorg
 25822 | D:13     | Received a gift from Trog
 26050 | D:14     | Noticed Louise
 26055 | D:14     | Cast into level 2 of the Abyss (Louise)
 26229 | Abyss:2  | Mangled by a lorocyproca

Vault maps used:
D:1:      zaba_arrival_water, serial_park_tiny_2, minmay_pentomino_p2
D:2:      uniq_natasha
D:3:      minmay_misc_feat_rugged, cheibrodos_gnoll_hut
D:4:      first_bread, uniq_sigmund
D:5:      minmay_a_box_with_orc_wizards_in_it, uniq_menkaure
D:6:      nicolae_tso_carved_into_rock
D:7:      grunt_temple_overflow_open, uniq_joseph, uniq_crazy_yiuf_cottage
D:8:      old_standard_altar, erik_lair_orcish_takeover
D:9:      david_defended_altar_orc
D:10:     minmay_orc_entry_temple_small
D:11:     basic_altar
D:12:     serial_shops, shop
D:13:     minmay_outward_triangles, hangedman_fish_farm,
          minmay_misc_feat_plants, uniq_snorg
D:14:     david_vaults_4, minmay_holes, uniq_louise
Lair:1:   nicolae_quartered_pool_super, patterned_corridor, grunt_megastairs_5
Lair:2:   swamp_mist, serial_bayou_lagoon_a, grunt_megastairs_4, uniq_gastronok
Lair:3:   minmay_snake_entry_guardpost_small, enter_volcano_2,
          lemuel_fruit_tree, grunt_megastairs_2, infiniplex_staircase_pool_2
Lair:4:   statuecave_lemuel
Lair:5:   minmay_slime_entry_pillars
Lair:6:   minmay_lair_end_enchanted_forest
Orc:2:    pubby_orc_utopia, uniq_josephine, uniq_maurice

Skill      XL: |  1  2  3  4  5  6  7  8  9 10 11 12 13 14 15 |
---------------+----------------------------------------------+-----
Axes           | 4 5 6 8 10 12 14 15 17 18 20 | 20.9
Fighting       | 4 5 6 7 9 10 11 13 14 15 | 15.8
Armour         | 3 4 5 6 8 10 11 12 13 14 15 | 15.4
Dodging        | 3 4 5 6 8 10 11 | 11.0

Action                   |  1- 3 |  4- 6 |  7- 9 | 10-12 | 13-15 || total
-------------------------+-------+-------+-------+-------+-------++-------
Melee: Hand axe          |    54 |   100 |   480 |   368 |       ||  1002
       Headbutt          |    12 |    21 |   102 |   153 |   247 ||   535
       Broad axe         |       |       |       |   249 |   306 ||   555
       Battleaxe         |       |       |       |       |   487 ||   487
       Executioner's axe |       |       |       |       |   245 ||   245
Invok: Berserk           |       |     1 |     4 |     4 |     4 ||    13
       Trog's Hand       |       |       |     3 |       |     3 ||     6
       Brothers in Arms  |       |       |       |     3 |     2 ||     5
 Abil: Evoke Flight      |       |       |       |       |     3 ||     3
  Use: Potion            |       |       |     1 |     1 |     3 ||     5
       Scroll            |       |       |    10 |     7 |    10 ||    27
 Stab: Sleeping          |     1 |       |       |       |       ||     1
  Eat: Chunk             |       |     7 |    20 |    16 |    41 ||    84
       Meat ration       |       |       |       |     2 |     1 ||     3
Armor: Animal skin       |    12 |    17 |    17 |       |       ||    46
       Chain mail        |       |       |   165 |   277 |   451 ||   893
Dodge: Dodged            |    26 |    97 |   185 |   230 |   603 ||  1141
